 Dungeon Crawl Stone Soup version 0.31-a0-845-g9abc20d24f (webtiles) character file.

Game seed: 16764317439782768006

860 Kurtz the Cleaver (level 8, -1/52 HPs)
             Began as an Octopode Fighter on Oct 1, 2023.
             Slain by an orc wizard
             ... wielding a +0 dagger
              (3 damage)
             ... on level 6 of the Dungeon.
             The game lasted 00:04:37 (4490 turns).

Kurtz the Cleaver (Octopode Fighter)                Turns: 4490, Time: 00:04:38

Health: -1/52      AC:  1    Str: 15    XL:     8   Next: 2%
Magic:  8/8        EV: 15    Int: 11    God:
Gold:   71         SH: 12    Dex: 31    Spells: 7/7 levels left

rFire   . . .        y - +1 war axe (vamp)
rCold   . . .        b - +0 buckler
rNeg    . . .        (helmet restricted)
rPois   .            n - amulet of reflection
rElec   .            d - +6 ring of dexterity
rCorr   .            r - +6 ring of dexterity
SInv    .            u - +6 ring of dexterity
Will    .....        j - ring of flight
Stlth   ++++         (no ring)
HPRegen 0.28/turn    (no ring)
MPRegen 0.11/turn    (no ring)
                     (no ring)

%: reflection
@: flying
A: almost no armour, amphibious, 8 rings, camouflage 1, gelatinous body 1,
nimble swimmer 1, tentacles
a: no special abilities


You were on level 6 of the Dungeon.
You visited 1 branch of the dungeon, and saw 6 of its levels.
You also visited: Sewer.

You collected 263 gold pieces.
You spent 192 gold pieces at shops.

Inventory:

Hand Weapons
 a - a +0 war axe
 k - a +1 whip of pain
 y - a +1 vampiric war axe (weapon)
Missiles
 w - 51 stones (quivered)
Armour
 b - a +0 buckler (worn)
Jewellery
 d - a +6 ring of dexterity (left tentacle)
 j - a ring of flight (on tentacle)
 n - an amulet of reflection (around mantle)
 r - a +6 ring of dexterity (right tentacle)
 t - a ring of ice
 u - a +6 ring of dexterity (on tentacle)
 E - a ring of positive energy
Wands
 C - a wand of roots (7)
Scrolls
 e - a scroll of amnesia {unknown}
 g - 2 scrolls of teleportation
 i - 2 scrolls of immolation
 p - 2 scrolls of noise
 q - 2 scrolls of blinking {unknown}
 s - a scroll of fog {unknown}
 A - a scroll of silence {unknown}
 D - a scroll of identify {unknown}
Potions
 c - a potion of might
 f - a potion of invisibility
 h - a potion of enlightenment
 l - a potion of mutation {unknown}
 m - a potion of cancellation {unknown}
 o - a potion of lignification {unknown}
 v - a potion of berserk rage
 x - 2 potions of ambrosia {unknown}
 z - a potion of attraction
 B - 2 potions of heal wounds
 F - a potion of curing {unknown}
 G - a potion of brilliance {unknown}


   Skills:
 - Level 3.0 Fighting
 * Level 9.0 Axes
 - Level 3.0 Dodging
 - Level 3.0 Shields


You had 7 spell levels left.
You didn't know any spells.
Your spell library contained the following spells:

 Spells                   Type           Power      Damage    Failure   Level
 Apportation              Tloc           0%         N/A       43%         1
 Necrotise                Necr           0%         1d4       43%         1
 Slow                     Hex            0%         N/A       43%         1
 Summon Small Mammal      Summ           0%         N/A       43%         1
 Confusing Touch          Hex            0%         N/A       80%         3
 Sigil of Binding         Hex            0%         N/A       80%         3
 Tukima's Dance           Hex            0%         N/A       80%         3
 Vampiric Draining        Necr           0%         2d6       80%         3
 Animate Dead             Necr           0%         N/A       99%         4
 Passage of Golubria      Tloc           0%         N/A       99%         4
 Borgnjor's Vile Clutch   Necr/Erth      0%         N/A       100%        5
 Yara's Violent Unravell  Hex/Tmut       0%         3d3       100%        5
 Death Channel            Necr           0%         N/A       100%        6


Dungeon Overview and Level Annotations

Branches:
Dungeon (6/15)              Sewer (visited)
 Temple: D:4-7

Altars:
Kikubaaqudgha
Yredelemnul
The Shining One

Shops:
D:1 (

Annotations:
D:6 Jeremiah, Maggie


Innate Abilities, Weirdness & Mutations

You cannot wear most types of armour.
You are amphibious.
You can wear up to eight rings at the same time.
Your skin changes colour to match your surroundings (Stealth+).
Your rubbery body absorbs attacks. (AC +1, EV +1)
You are camouflaged when in or above water. (Stealth+)
You have tentacles for arms and can constrict up to eight enemies at once.


Message History

The adder is moderately wounded.
You constrict the adder. The adder closely misses you.
You block the adder's attack.
You barely miss the adder.
The adder is heavily wounded.
You constrict the adder. You block the adder's attack.
You slash the adder!
You kill the adder!
The orc attacks as it pursues you!
The orc splashes around in the water.
As you open the large door, it creaks loudly!
The orc attacks as it pursues you! You block the orc's attack.
There is a large open door here.
There is a large open door here.
You hear some strange, mumbled words.
A puff of flame appears from out of thin air!
The puff of flame hits you! The orc hits you with a +0 hand axe.
You miss something. Your squeeze misses something. You hit the orc.
You feel better.
You are engulfed in a cloud of scalding steam.
You hear some strange, mumbled words.
A puff of flame appears from out of thin air!
The puff of flame misses you. You block the orc's attack.
Unknown command.
You barely miss the orc. You grab the orc. You squeeze the orc.
The orc is severely wounded.
You closely miss something.
You are engulfed in a cloud of scalding steam.
You constrict the orc. Something hits you.
* * * LOW HITPOINT WARNING * * *
You block the orc's attack.
You hit the orc but do no damage.
The orc is almost dead.
You closely miss something.
You are engulfed in a cloud of scalding steam.
* * * LOW HITPOINT WARNING * * *
You constrict the orc, but do no damage.
Something hits you.
* * * LOW HITPOINT WARNING * * *
You block the orc's attack. Something hits you.
You die...

########## #........#
#.#####''## #.# ##~..~##
#.###~~..~~## #..#~~#.##~~###
#..'...#.#.)'.##
#..'o.#.#...'..######
#.##@~##.#~~##.......
##.###{~..~~###.......
#..####~..~## #.....8.
#.....##†'### #....... ####
#...........###...8.8.
##...###...........#...).##'
#.............#..........#..
#####..##........#..........#.)
........#....o#.............#..


You could see an orc.

Vanquished Creatures
  Menkaure (D:5)
  A water moccasin (Sewer)
  An ice beast (D:6)
  2 phantoms
  A bullfrog (D:6)
  A gnoll sergeant (D:6)
  A scorpion (D:5)
  A hound (D:5)
  A sleepcap (D:6)
  An iguana (D:5)
  4 adders
  A river rat (D:4)
  A shadow imp (D:5)
  4 orcs
  7 bats
  6 endoplasms
  5 giant cockroaches
  8 goblins
  8 hobgoblins
  7 jackals
  10 kobolds
  6 quokkas
  9 ball pythons
  3 frilled lizards (D:1)
  6 rats
96 creatures vanquished.

Vanquished Creatures (others)
  A human (D:5)
  An orc (D:6)
2 creatures vanquished.

Grand Total: 98 creatures vanquished

Notes
Turn   | Place    | Note
-------+----------+-------------------------------------------
     0 | D:1      | Kurtz the Octopode Fighter began the quest for the Orb.
     0 | D:1      | Reached XP level 1. HP: 16/16 MP: 1/1
   172 | D:1      | Reached XP level 2. HP: 21/21 MP: 2/2
   266 | D:1      | Reached skill level 3 in Axes
   718 | D:1      | Found a transporter.
   721 | D:1      | Found Beavucaih's Weapon Boutique.
   804 | D:1      | Found a transporter.
   833 | D:1      | Reached XP level 3. HP: 21/26 MP: 3/3
   942 | D:2      | Found a basalt altar of Yredelemnul.
  1750 | D:3      | Reached skill level 4 in Axes
  1827 | D:3      | Reached XP level 4. HP: 29/31 MP: 4/4
  1993 | D:3      | Found a faded altar of an unknown god.
  2549 | D:4      | Found a glowing drain.
  2557 | Sewer    | Entered a sewer
  2565 | Sewer    | Reached skill level 5 in Axes
  2580 | Sewer    | Noticed a water moccasin
  2590 | Sewer    | Killed a water moccasin
  2591 | Sewer    | Reached skill level 6 in Axes
  2591 | Sewer    | Reached XP level 5. HP: 33/36 MP: 5/5
  2748 | D:4      | Noticed a phantom
  2761 | D:4      | Killed a phantom
  2762 | D:4      | Reached XP level 6. HP: 36/42 MP: 6/6
  3122 | D:5      | Entered Level 5 of the Dungeon
  3212 | D:1      | Bought a +1 vampiric war axe for 192 gold pieces
  3524 | D:5      | Reached skill level 7 in Axes
  3551 | D:5      | Reached XP level 7. HP: 46/46 MP: 7/7
  3631 | D:5      | Noticed Menkaure
  3645 | D:5      | Killed Menkaure
  3962 | D:5      | Found a glowing golden altar of the Shining One.
  4136 | D:5      | Found an ancient bone altar of Kikubaaqudgha.
  4139 | D:5      | Noticed a human
  4140 | D:5      | Killed a human
  4171 | D:6      | Noticed Jeremiah
  4182 | D:5      | Reached skill level 8 in Axes
  4414 | D:6      | Reached skill level 9 in Axes
  4414 | D:6      | Reached XP level 8. HP: 45/52 MP: 8/8
  4462 | D:6      | Noticed Maggie
  4490 | D:6      | HP: 2/52 [something (5)]
  4490 | D:6      | Slain by an orc wizard

Illustrated notes

Levels and vault maps discovered:
D:1:      dpeg_arrival_boxes_within_box, layout_basic, serial_shops,
          nicolae_shop_drivethru, hangedman_feature_mirror
D:2:      layout_loops_ring, basic_altar
D:3:      layout_loops_cross, shapermc_ecumenical_altar_mp_ritualfount
D:4:      layout_cave_pools, portal_sewer_entry_e, nicolae_eternal_life
D:5:      layout_basic, nicolae_tso_carved_into_rock, tgw_kikubaaqudgha,
          serial_glass, glass_columns_b, glass_columns_a, glass_columns_a,
          glass_columns_b, glass_columns_a, glass_columns_a,
          due_unseen_surprise, feat_on_display, feat_on_display, uniq_menkaure
D:6:      layout_cave_pools, serial_column_ruins, column_ruins_hut_pillars,
          column_ruins_hut, column_ruins_corridor_straight,
          column_ruins_open_small, column_ruins_open_tiny, column_ruins_grid_2,
          kennysheep_generic_room_3, uniq_maggie, uniq_jeremiah

Skill      XL: |  1  2  3  4  5  6  7 |
---------------+----------------------+-----
Axes           | 3 4 6 7 9 |  9.0
Fighting       | |  3.0
Dodging        | |  3.0
Shields        | |  3.0

Action                     |  1- 3 |  4- 6 |  7- 9 || total
---------------------------+-------+-------+-------++-------
  Melee: War axe           |    81 |    83 |    35 ||   199
         Constrict         |    20 |    24 |     9 ||    53
         Tentacles         |     7 |    18 |    12 ||    37
         Punch             |       |     2 |       ||     2
  Throw: Stone             |       |     6 |     1 ||     7
    Use: Potion            |     4 |     1 |       ||     5
         Scroll            |       |     3 |     1 ||     4
   Stab: Sleeping          |    10 |    10 |     2 ||    22
         Distracted        |     1 |       |       ||     1
 Armour: Skin              |    29 |    18 |    15 ||    62
  Dodge: Dodged            |    48 |    29 |    16 ||    93
  Block: Buckler           |    18 |    55 |    26 ||    99
         Reflection        |       |     2 |       ||     2

Table legend: (Time is in decaauts)
 A = Elapsed time spent in this place.
 B = Non-inter-level travel time spent in this place.
 C = Inter-level travel time spent in this place.
 D = Time resting spent in this place.
 E = Time spent auto-exploring this place.
 F = Levels seen in this place.
 G = Mean time per level.
                   A        B        C        D        E       F      G
               +--------+--------+--------+--------+--------+-----+--------+
         Total |   4548 |   4191 |    357 |    105 |   3185 |   7 |  649.7 |
       Dungeon |   4436 |   4079 |    357 |    105 |   3135 |   6 |  739.3 |
         Sewer |    112 |    112 |      0 |      0 |     50 |   1 |  112.0 |
               +--------+--------+--------+--------+--------+-----+--------+

Top non-repeatable levels by time:
     D:1: 1081 daAuts
     D:5: 793 daAuts
     D:2: 788 daAuts
     D:3: 779 daAuts
     D:4: 711 daAuts
     D:6: 282 daAuts
   Sewer: 112 daAuts
